Map: Beckett Industries LE

Players

Opponent

  • Race: Terran Terran
  • League: Diamond

ViBE - Winner!

  • Race: Protoss Protoss
  • League: Diamond

VOD

Have the link to the VOD?

Description

Time

  • Played on: April 12, 2021, 4:46 a.m.
  • Length: 4:46
Show
View Real Time Build Order
Export as new Build Order

Opponent Terran 

Build Orders: Reaper Expand 

Get SALT Encoding   

  12  0:00  SCV  
  13  0:12  SCV  
  14  0:17  Supply Depot  
  14  0:24  SCV  
  15  0:38  SCV  
  15  0:41  Barracks  
  16  0:44  Refinery  
  16  0:50  SCV  
  17  1:03  SCV  
  18  1:15  SCV  
  19  1:28  Reaper, Orbital Command  
  20  1:43  Command Center  
  20  1:54  Supply Depot  
  20  1:58  Command Center  
  20  2:06  SCV  
  21  2:13  Marine  
  21  2:14  Bunker  
  22  2:24  SCV  
  22  2:29  Factory  
  23  2:47  SCV  
  24  2:53  Marine  
  24  2:54  Refinery  
  25  2:59  SCV  
  26  3:07  Bunker  
  26  3:10  Marine  
  26  3:11  SCV, Orbital Command  
  27  3:23  SCV  
  27  3:24  Factory Tech Lab  
  28  3:28  Marine  
  29  3:35  SCV  
  30  3:42  SCV  
  30  3:44  Siege Tank  
  30  3:47  SCV, Barracks Reactor  
  35  4:00  SCV  
  36  4:03  SCV  
  36  4:04  Starport  
  37  4:12  SCV  
  37  4:15  SCV  
  42  4:27  Marine x2  
  42  4:28  SCV  
  45  4:32  Barracks  
  45  4:34  Barracks  
Show
View Real Time Build Order
Export as new Build Order

ViBE Protoss - Winner!

Build Orders:  

Get SALT Encoding   

  12  0:00  Probe  
  13  0:12  Probe  
  14  0:19  Pylon  
  14  0:24  Probe  
  15  0:39  Gateway  
  15  0:40  Probe (Chrono Boost)  
  16  0:43  Assimilator  
  16  0:52  Probe (Chrono Boost)  
  17  0:57  Probe (Chrono Boost)  
  18  1:06  Probe  
  19  1:18  Probe  
  19  1:20  Gateway  
  19  1:22  Assimilator  
  20  1:30  Probe  
  20  1:31  Cybernetics Core  
  21  1:34  Pylon  
  21  1:42  Probe  
  22  1:48  Pylon  
  22  1:55  Probe  
  23  2:08  Stalker x2  
  25  2:09  Warp Gate (Chrono Boost)  
  27  2:29  Robotics Facility  
  27  2:30  Gateway  
  27  2:31  Pylon  
  27  2:40  Pylon  
  26  2:50  Stalker  
  28  2:52  Stalker  
  30  3:18  Immortal (Chrono Boost)  
  34  3:47  Immortal (Chrono Boost)  
  38  3:51  Stalker x2  
  38  3:52  Stalker  
  44  4:19  Zealot  
  44  4:23  Zealot  
  50  4:42  Zealot  
  50  4:43  Zealot  
Tags
 
Add a new tag
Caveats
  • Supply blocks, unpowered buildings, or Contaminate may cause inaccurate times.
  • Supply counts are checked every 10 seconds.